BSA
MAUI TROPICS @ HENDERSONVILLE HITMEN
09/10/2024
 
TOP OF THE 1ST
Maui Tropics batting - Pitching for Hendersonville Hitmen : LHP Simon Martel
Pitching: LHP Simon Martel
Batting: RHB Pat Haynes 0-0: Called Strike
0-1: Foul Ball, location: 2F
0-2: Ball
1-2: Fly out, F8 (Flyball, 8LD)
Batting: RHB Jesús Espinoza 0-0: Ball
1-0: Ground out 4-3 (Groundball, 4M)
Batting: RHB Juan Jose Guevana 0-0: Swinging Strike
0-1: SOLO HOME RUN (Flyball, 8LD), Distance : 460 ft
Batting: RHB Ximena Campos 0-0: Ground out U3 (Groundball, 3S)
Top of the 1st over - 1 run(s), 1 hit(s), 0 error(s), 0 left on base; Maui 1 - Hendersonville 0
BOTTOM OF THE 1ST
Hendersonville Hitmen batting - Pitching for Maui Tropics : LHP Stan Aldridge
Pitching: LHP Stan Aldridge
Batting: RHB Carlos García 0-0: Ball
1-0: Called Strike
1-1: Swinging Strike
1-2: Strikes out swinging
Batting: RHB Rafael González 0-0: Ground out 5-3 (Groundball, 6)
Batting: RHB Manolo Román 0-0: Ball
1-0: Ball
2-0: Swinging Strike
2-1: Called Strike
2-2: Foul Ball, location: 2F
2-2: Foul Ball, location: 2F
2-2: Ball
3-2: Base on Balls
Batting: LHB Lorenzo Villa 0-0: Ball
1-0: Foul Ball, location: 2F
1-1: Foul Ball, location: 2F
1-2: Strikes out swinging
Bottom of the 1st over - 0 run(s), 0 hit(s), 0 error(s), 1 left on base; Maui 1 - Hendersonville 0
TOP OF THE 2ND
Maui Tropics batting - Pitching for Hendersonville Hitmen : LHP Simon Martel
Batting: RHB Damian Yates 0-0: Called Strike
0-1: Ball
1-1: Foul Ball, location: 2F
1-2: Foul Ball, location: 2F
1-2: Ground out 3-1 (Groundball, 34)
Batting: RHB Phil White 0-0: Ball
1-0: Fly out, F7 (Flyball, 78S)
Batting: RHB Armando Martínez 0-0: Ball
1-0: Ball
2-0: Ball
3-0: Base on Balls
Batting: LHB Javier Espinoza 0-0: Called Strike
0-1: Foul Ball, location: 2F
0-2: Foul Ball, location: 2F
0-2: Ball
1-2: Ball
2-2: SINGLE (Groundball, 3S) (infield hit)
Armando Martínez to second
Batting: RHB Jung-ha Kim 0-0: Ball
1-0: Ball
2-0: Called Strike
2-1: Called Strike
2-2: Strikes out looking
Top of the 2nd over - 0 run(s), 1 hit(s), 0 error(s), 2 left on base; Maui 1 - Hendersonville 0
BOTTOM OF THE 2ND
Hendersonville Hitmen batting - Pitching for Maui Tropics : LHP Stan Aldridge
Batting: LHB Terry White 0-0: Ball
1-0: Called Strike
1-1: Ball
2-1: Foul Ball, location: 2F
2-2: Foul Ball, location: 2F
2-2: Strikes out swinging
Batting: RHB Junior Vargas 0-0: Called Strike
0-1: Foul Ball, location: 2F
0-2: Ball
1-2: Foul Ball, location: 2F
1-2: Ground out 6-3 (Groundball, 6)
Batting: RHB Alonso Holguín 0-0: Ball
1-0: Called Strike
1-1: Foul Ball, location: 2F
1-2: Ball
2-2: Strikes out swinging
Bottom of the 2nd over - 0 run(s), 0 hit(s), 0 error(s), 0 left on base; Maui 1 - Hendersonville 0
TOP OF THE 3RD
Maui Tropics batting - Pitching for Hendersonville Hitmen : LHP Simon Martel
Batting: RHB Pat Haynes 0-0: Ball
1-0: Ground out 6-3 (Groundball, 6)
Batting: RHB Jesús Espinoza 0-0: Ball
1-0: Ball
2-0: Ball
3-0: SINGLE (Line Drive, 4D)
Batting: RHB Juan Jose Guevana 0-0: Ball
1-0: Grounds into double play, 1-4-3 (Groundball, 13)
Top of the 3rd over - 0 run(s), 1 hit(s), 0 error(s), 0 left on base; Maui 1 - Hendersonville 0
BOTTOM OF THE 3RD
Hendersonville Hitmen batting - Pitching for Maui Tropics : LHP Stan Aldridge
Batting: RHB Taylor McFarland 0-0: Ball
1-0: SINGLE (Flyball, 34D)
Batting: RHB Robert Bly 0-0: Reached on error, E6 (Groundball, 6M)
Taylor McFarland to second
Batting: RHB Carlos García 0-0: Ball
1-0: Called Strike
1-1: Swinging Strike
1-2: Ball
2-2: Grounds into double play, 4-6-3 (Groundball, 4)
Taylor McFarland to third
Batting: RHB Rafael González 0-0: Called Strike
0-1: Called Strike
0-2: Foul Ball, location: 2F
0-2: Ground out 4-3 (Groundball, 4M)
Bottom of the 3rd over - 0 run(s), 1 hit(s), 1 error(s), 1 left on base; Maui 1 - Hendersonville 0
TOP OF THE 4TH
Maui Tropics batting - Pitching for Hendersonville Hitmen : LHP Simon Martel
Batting: RHB Ximena Campos 0-0: Called Strike
0-1: Ground out 6-3 (Groundball, 6)
Batting: RHB Damian Yates 0-0: Swinging Strike
0-1: DOUBLE (Line Drive, 8RS)
Batting: RHB Phil White 0-0: Ground out 5-3 (Groundball, 5S)
Damian Yates to third
Batting: RHB Armando Martínez 0-0: 2-RUN HOME RUN (Flyball, 89XD), Distance : 433 ft
Batting: LHB Javier Espinoza 0-0: Fly out, F9 (Flyball, 89D)
Top of the 4th over - 2 run(s), 2 hit(s), 0 error(s), 0 left on base; Maui 3 - Hendersonville 0
BOTTOM OF THE 4TH
Hendersonville Hitmen batting - Pitching for Maui Tropics : LHP Stan Aldridge
Batting: RHB Manolo Román 0-0: Foul Ball, location: 2F
0-1: Foul Ball, location: 2F
0-2: Ball
1-2: Ball
2-2: Ball
3-2: Fly out, F7 (Flyball, 78XD)
Batting: LHB Lorenzo Villa 0-0: Ball
1-0: Ground out U3 (Groundball, 3S)
Batting: LHB Terry White 0-0: Called Strike
0-1: Called Strike
0-2: Ball
1-2: Ball
2-2: Foul Ball, location: 2F
2-2: Ball
3-2: Strikes out swinging
Bottom of the 4th over - 0 run(s), 0 hit(s), 0 error(s), 0 left on base; Maui 3 - Hendersonville 0
TOP OF THE 5TH
Maui Tropics batting - Pitching for Hendersonville Hitmen : LHP Simon Martel
Batting: RHB Jung-ha Kim 0-0: Ground out 5-3 (Groundball, 56)
Batting: RHB Pat Haynes 0-0: Called Strike
0-1: Ball
1-1: Ball
2-1: Fly out, F8 (Flyball, 8LXD)
Batting: RHB Jesús Espinoza 0-0: Called Strike
0-1: Ball
1-1: Swinging Strike
1-2: Fly out, F9 (Flyball, 9D)
Top of the 5th over - 0 run(s), 0 hit(s), 0 error(s), 0 left on base; Maui 3 - Hendersonville 0
BOTTOM OF THE 5TH
Hendersonville Hitmen batting - Pitching for Maui Tropics : LHP Stan Aldridge
Batting: RHB Junior Vargas 0-0: Swinging Strike
0-1: Called Strike
0-2: Foul Ball, location: 2F
0-2: Foul Ball, location: 2F
0-2: Strikes out looking
Batting: RHB Alonso Holguín 0-0: Ball
1-0: Called Strike
1-1: Ball
2-1: Ball
3-1: Base on Balls
Batting: RHB Taylor McFarland 0-0: Foul Ball, location: 2F
0-1: Foul Ball, location: 2F
0-2: Fly out, F8 (Flyball, 8LM)
Batting: RHB Robert Bly 0-0: Swinging Strike
0-1: Ground out 5-3 (Groundball, 56S)
Bottom of the 5th over - 0 run(s), 0 hit(s), 0 error(s), 1 left on base; Maui 3 - Hendersonville 0
TOP OF THE 6TH
Maui Tropics batting - Pitching for Hendersonville Hitmen : LHP Simon Martel
Batting: RHB Juan Jose Guevana 0-0: Ball
1-0: Ground out 5-3 (Groundball, 5S)
Batting: RHB Ximena Campos 0-0: Called Strike
0-1: Foul Ball, location: 2F
0-2: Ball
1-2: Foul Ball, location: 2F
1-2: Ball
2-2: Foul Ball, location: 2F
2-2: Fly out, F4 (Popup, 4M)
Batting: RHB Damian Yates 0-0: SINGLE (Flyball, 9S)
Batting: RHB Phil White 0-0: Ball
1-0: Swinging Strike
1-1: Ball
2-1: Ball
3-1: Ground out 4-3 (Groundball, 4)
Top of the 6th over - 0 run(s), 1 hit(s), 0 error(s), 1 left on base; Maui 3 - Hendersonville 0
BOTTOM OF THE 6TH
Hendersonville Hitmen batting - Pitching for Maui Tropics : LHP Stan Aldridge
Batting: RHB Carlos García 0-0: Ball
1-0: Foul Ball, location: 2F
1-1: Called Strike
1-2: Foul Ball, location: 2F
1-2: Ball
2-2: Ground out 5-3 (Groundball, 5)
Batting: RHB Rafael González 0-0: Ball
1-0: DOUBLE (Flyball, 7D)
Batting: RHB Manolo Román 0-0: Called Strike
0-1: Fly out, F2 (Popup, 2RF)
Batting: LHB Lorenzo Villa 0-0: Foul Ball, location: 2F
0-1: Called Strike
0-2: SINGLE (Flyball, 9S)
Rafael González to third
Runner from 3rd tries for Home, SAFE, no throw or cutoff
Pitching: RHP Norman White
Batting: LHB Terry White 0-0: Reached on error, E4 (Groundball, 4)
Lorenzo Villa to second
Batting: RHB Junior Vargas 0-0: Called Strike
0-1: Swinging Strike
0-2: Ball
1-2: Strikes out swinging
Bottom of the 6th over - 1 run(s), 2 hit(s), 1 error(s), 2 left on base; Maui 3 - Hendersonville 1
TOP OF THE 7TH
Maui Tropics batting - Pitching for Hendersonville Hitmen : LHP Simon Martel
Batting: RHB Armando Martínez 0-0: Ball
1-0: Ball
2-0: Called Strike
2-1: Ball
3-1: Base on Balls
Batting: LHB Javier Espinoza 0-0: Swinging Strike
0-1: Ball
1-1: Foul Ball, location: 2F
1-2: Foul Ball, location: 2F
1-2: SINGLE (Groundball, 4M)
Armando Martínez to second
Pinch Hitting: RHB António Martínez 0-0: Ball
1-0: Called Strike
1-1: Grounds into double play, 5-4-3 (Groundball, 56)
Armando Martínez to third
Batting: RHB Pat Haynes 0-0: Ball
1-0: Called Strike
1-1: Ball
2-1: Called Strike
2-2: Foul Ball, location: 2F
2-2: Ground out 5-3 (Groundball, 56)
Top of the 7th over - 0 run(s), 1 hit(s), 0 error(s), 1 left on base; Maui 3 - Hendersonville 1
BOTTOM OF THE 7TH
Hendersonville Hitmen batting - Pitching for Maui Tropics : RHP Norman White
Now in CF: Mario Olivares
Batting: RHB Alonso Holguín 0-0: Fly out, F7 (Flyball, 7LMF)
Batting: RHB Taylor McFarland 0-0: Called Strike
0-1: Foul Ball, location: 2F
0-2: Strikes out swinging
Batting: RHB Robert Bly 0-0: Fly out, F7 (Flyball, 78M)
Bottom of the 7th over - 0 run(s), 0 hit(s), 0 error(s), 0 left on base; Maui 3 - Hendersonville 1
TOP OF THE 8TH
Maui Tropics batting - Pitching for Hendersonville Hitmen : LHP Simon Martel
Pitching: RHP Robinson Gonzáles
Batting: RHB Jesús Espinoza 0-0: Called Strike
0-1: Called Strike
0-2: Ball
1-2: Ball
2-2: Strikes out looking
Batting: RHB Juan Jose Guevana 0-0: Foul Ball, location: 2F
0-1: Called Strike
0-2: Strikes out swinging
Batting: RHB Ximena Campos 0-0: Foul Ball, location: 2F
0-1: Swinging Strike
0-2: Strikes out looking
Top of the 8th over - 0 run(s), 0 hit(s), 0 error(s), 0 left on base; Maui 3 - Hendersonville 1
BOTTOM OF THE 8TH
Hendersonville Hitmen batting - Pitching for Maui Tropics : RHP Norman White
Batting: RHB Carlos García 0-0: Ball
1-0: Ball
2-0: Swinging Strike
2-1: Ball
3-1: Base on Balls
Pitching: RHP Yong-taek Yi
Batting: RHB Rafael González 0-0: Swinging Strike
0-1: Ball
1-1: Called Strike
1-2: Ball
2-2: Ball
3-2: Strikes out swinging
Batting: RHB Manolo Román 0-0: Grounds into double play, 5-4-3 (Groundball, 56)
Bottom of the 8th over - 0 run(s), 0 hit(s), 0 error(s), 0 left on base; Maui 3 - Hendersonville 1
TOP OF THE 9TH
Maui Tropics batting - Pitching for Hendersonville Hitmen : RHP Robinson Gonzáles
Batting: RHB Damian Yates 0-0: Ball
1-0: Ball
2-0: Foul Ball, location: 2F
2-1: Fly out, F4 (Popup, 4MD)
Batting: RHB Phil White 0-0: Called Strike
0-1: Foul Ball, location: 2F
0-2: Strikes out looking
Batting: RHB Armando Martínez 0-0: Swinging Strike
0-1: Foul Ball, location: 2F
0-2: Foul Ball, location: 2F
0-2: Strikes out looking
Top of the 9th over - 0 run(s), 0 hit(s), 0 error(s), 0 left on base; Maui 3 - Hendersonville 1
BOTTOM OF THE 9TH
Hendersonville Hitmen batting - Pitching for Maui Tropics : RHP Yong-taek Yi
Pitching: RHP Junior Mateo
Batting: LHB Lorenzo Villa 0-0: Ball
1-0: Ground out 1-3 (Groundball, 15S)
Batting: LHB Terry White 0-0: Ball
1-0: Called Strike
1-1: Ground out 4-3 (Groundball, 4M)
Batting: RHB Junior Vargas 0-0: Swinging Strike
0-1: Fly out, F3 (Popup, 3SF)
Bottom of the 9th over - 0 run(s), 0 hit(s), 0 error(s), 0 left on base; Maui 3 - Hendersonville 1
This league is powered by Out of the Park Baseball, the baseball management simulation game for PC, Mac and Linux
Saturday, April 9th, 2016 - OOTP Baseball 16.8 Build 38